| TOP OF THE 1ST |
|
Atlanta Braves batting - Pitching for Miami Marlins : RHP Tim Barnett
|
|
Pitching: RHP Tim Barnett
|
|
|
Batting: RHB Yasuhide Kasahara
|
0-0: Called Strike 0-1: Ball 1-1: Ground out 4-3 (Groundball, 4, EV 93.8 MPH)
|
|
Batting: SHB Floyd-William Goof
|
0-0: SOLO HOME RUN (Flyball, 9D, EV 100.0 MPH), Distance : 408 ft
|
|
Batting: RHB Kevin Howard
|
0-0: Ball 1-0: Ball 2-0: Ball 3-0: Called Strike 3-1: Base on Balls
|
|
Batting: RHB Erik Coleman
|
0-0: Ball 1-0: Called Strike 1-1: Fly out, F8 (Line Drive, 8RD, EV 89.4 MPH)
|
|
Batting: RHB Ike Trout
|
0-0: Ball 1-0: Foul Ball, location: 2F 1-1: Ball 2-1: Foul Ball, location: 2F 2-2: Strikes out swinging
|
| Top of the 1st over - 1 run, 1 hit, 0 errors, 1 left on base; Atlanta 1 - Miami 0 |
| BOTTOM OF THE 1ST |
|
Miami Marlins batting - Pitching for Atlanta Braves : LHP Nolan Stefanski
|
|
Pitching: LHP Nolan Stefanski
|
|
|
Batting: RHB Roger Salazar
|
0-0: Foul Ball, location: 2F 0-1: Ground out 6-3 (Groundball, 6, EV 86.2 MPH)
|
|
Batting: RHB Bert Clark
|
0-0: Ball 1-0: Fly out, F8 (Flyball, 8LM, EV 85.0 MPH)
|
|
Batting: LHB Andre Gorter
|
0-0: Hit by Pitch
|
|
Batting: LHB Adam Durgin
|
0-0: Foul Ball, location: 2F 0-1: Ball 1-1: Ball 2-1: Ground out U3 (Groundball, 3, EV 87.5 MPH)
|
| Bottom of the 1st over - 0 runs, 0 hits, 0 errors, 1 left on base; Atlanta 1 - Miami 0 |
| TOP OF THE 2ND |
|
Atlanta Braves batting - Pitching for Miami Marlins : RHP Tim Barnett
|
|
Batting: RHB Manny Vergara
|
0-0: Swinging Strike 0-1: Called Strike 0-2: Ball 1-2: Ball 2-2: Ball 3-2: Base on Balls
|
|
Batting: LHB Evan Torraville
|
0-0: Ball 1-0: Ball 2-0: Fly out, F8 (Flyball, 89S, EV 88.1 MPH)
|
|
Batting: RHB Liangde Li
|
0-0: Called Strike 0-1: Called Strike 0-2: Ball 1-2: Foul Ball, location: 2F 1-2: Ball 2-2: Foul Ball, location: 2F 2-2: Grounds into double play, 6-4-3 (Groundball, 6, EV 108.8 MPH)
|
| Top of the 2nd over - 0 runs, 0 hits, 0 errors, 0 left on base; Atlanta 1 - Miami 0 |
| BOTTOM OF THE 2ND |
|
Miami Marlins batting - Pitching for Atlanta Braves : LHP Nolan Stefanski
|
|
Batting: RHB Jimmy Groseclose
|
0-0: Called Strike 0-1: SINGLE (Line Drive, 4MD, EV 97.5 MPH)
|
|
Batting: RHB Matt Thompson
|
0-0: Ball 1-0: Foul Ball, location: 2F 1-1: Foul Ball, location: 2F 1-2: Ball 2-2: Strikes out swinging
|
|
Batting: RHB Mike Gar
|
0-0: Called Strike 0-1: Ball 1-1: SINGLE (Groundball, 4MD, EV 111.9 MPH) Jimmy Groseclose to second
|
|
Batting: RHB Tony Stedman
|
0-0: Called Strike 0-1: Called Strike 0-2: Strikes out looking
|
|
Batting: RHB Steve Barnard
|
0-0: Called Strike 0-1: Ball 1-1: Swinging Strike 1-2: Fielders Choice at 2nd, 6-4 (Groundball, 6, EV 85.0 MPH)
|
| Bottom of the 2nd over - 0 runs, 2 hits, 0 errors, 2 left on base; Atlanta 1 - Miami 0 |
| TOP OF THE 3RD |
|
Atlanta Braves batting - Pitching for Miami Marlins : RHP Tim Barnett
|
|
Batting: RHB Zheng-ze King
|
0-0: Ball 1-0: Ball 2-0: Called Strike 2-1: Called Strike 2-2: Ball 3-2: Foul Ball, location: 2F 3-2: Foul Ball, location: 2F 3-2: Base on Balls
|
|
Batting: RHB Yasuhide Kasahara
|
0-0: Ball Zheng-ze King steals 2nd base 1-0: Fly out, F3 (Popup, 3S, EV 80.0 MPH)
|
|
Batting: SHB Floyd-William Goof
|
0-0: Ball 1-0: Called Strike 1-1: Fly out, F9 (Flyball, 9LS, EV 78.1 MPH)
|
|
Batting: RHB Kevin Howard
|
0-0: Foul Ball, location: 2F 0-1: SINGLE (Line Drive, 7LS, EV 106.9 MPH) Zheng-ze King to third Runner from 3rd tries for Home, SAFE, throw by LF to home
|
|
Batting: RHB Erik Coleman
|
0-0: Swinging Strike 0-1: Fly out, F8 (Line Drive, 8RM, EV 106.2 MPH)
|
| Top of the 3rd over - 1 run, 1 hit, 0 errors, 1 left on base; Atlanta 2 - Miami 0 |
| BOTTOM OF THE 3RD |
|
Miami Marlins batting - Pitching for Atlanta Braves : LHP Nolan Stefanski
|
|
Batting: RHB Roger Salazar
|
0-0: Ball 1-0: Ball 2-0: Ball 3-0: Called Strike 3-1: Called Strike 3-2: Foul Ball, location: 2F 3-2: Foul Ball, location: 2F 3-2: Foul Ball, location: 2F 3-2: Foul Ball, location: 2F 3-2: Foul Ball, location: 2F 3-2: Strikes out swinging
|
|
Batting: RHB Bert Clark
|
0-0: Ball 1-0: Called Strike 1-1: Ball 2-1: Ball 3-1: Called Strike 3-2: Base on Balls
|
|
Batting: LHB Andre Gorter
|
0-0: Called Strike 0-1: Fly out, F9 (Flyball, 9D, EV 90.0 MPH)
|
|
Batting: LHB Adam Durgin
|
0-0: Fielders Choice at 2nd, 6-4 (Groundball, 6, EV 98.1 MPH)
|
| Bottom of the 3rd over - 0 runs, 0 hits, 0 errors, 1 left on base; Atlanta 2 - Miami 0 |
| TOP OF THE 4TH |
|
Atlanta Braves batting - Pitching for Miami Marlins : RHP Tim Barnett
|
|
Batting: RHB Ike Trout
|
0-0: Called Strike 0-1: Called Strike 0-2: Strikes out looking
|
|
Batting: RHB Manny Vergara
|
0-0: Ball 1-0: Called Strike 1-1: Called Strike 1-2: Ball 2-2: Ball 3-2: Strikes out swinging
|
|
Batting: LHB Evan Torraville
|
0-0: Ball 1-0: Ball 2-0: Ball 3-0: Called Strike 3-1: Base on Balls
|
|
Batting: RHB Liangde Li
|
0-0: Called Strike Evan Torraville steals 2nd base 0-1: Ball 1-1: Ball 2-1: Foul Ball, location: 2F 2-2: Foul Ball, location: 2F 2-2: Foul Ball, location: 2F 2-2: Ball 3-2: Foul Ball, location: 2F 3-2: Base on Balls
|
|
Batting: RHB Zheng-ze King
|
0-0: Ball 1-0: DOUBLE (Line Drive, 78M, EV 106.2 MPH) Evan Torraville scores Liangde Li to third Runner from 3rd tries for Home, SAFE, throw by LF to trailing runner, SAFE at third!
|
|
Batting: RHB Yasuhide Kasahara
|
0-0: Ball 1-0: Fly out, F8 (Line Drive, 8RM, EV 85.6 MPH)
|
| Top of the 4th over - 2 runs, 1 hit, 0 errors, 1 left on base; Atlanta 4 - Miami 0 |
| BOTTOM OF THE 4TH |
|
Miami Marlins batting - Pitching for Atlanta Braves : LHP Nolan Stefanski
|
|
Batting: RHB Jimmy Groseclose
|
0-0: Called Strike 0-1: Swinging Strike 0-2: Strikes out swinging
|
|
Batting: RHB Matt Thompson
|
0-0: Ball 1-0: Called Strike 1-1: Ball 2-1: Ball 3-1: Foul Ball, location: 2F 3-2: SINGLE (Groundball, 56, EV 95.6 MPH)
|
|
Batting: RHB Mike Gar
|
0-0: Ball 1-0: Foul Ball, location: 2F 1-1: Foul Ball, location: 2F 1-2: Ball 2-2: Ball 3-2: Strikes out swinging
|
|
Batting: RHB Tony Stedman
|
0-0: Foul Ball, location: 2F 0-1: Ball 1-1: Ball 2-1: Foul Ball, location: 2F 2-2: Fielders Choice at 2nd, 6-4 (Groundball, 6D, EV 110.0 MPH)
|
| Bottom of the 4th over - 0 runs, 1 hit, 0 errors, 1 left on base; Atlanta 4 - Miami 0 |
| TOP OF THE 5TH |
|
Atlanta Braves batting - Pitching for Miami Marlins : RHP Tim Barnett
|
|
Batting: SHB Floyd-William Goof
|
0-0: Foul Ball, location: 2F 0-1: Foul Ball, location: 2F 0-2: Foul Ball, location: 2F 0-2: Ball 1-2: Strikes out swinging
|
|
Batting: RHB Kevin Howard
|
0-0: Swinging Strike 0-1: Foul Ball, location: 2F 0-2: Strikes out looking
|
|
Batting: RHB Erik Coleman
|
0-0: Swinging Strike 0-1: Ball 1-1: SINGLE (Line Drive, 9S, EV 98.8 MPH)
|
|
Batting: RHB Ike Trout
|
0-0: Ball Erik Coleman steals 2nd base 1-0: Swinging Strike 1-1: Ground out 6-3 (Groundball, 6, EV 80.0 MPH)
|
| Top of the 5th over - 0 runs, 1 hit, 0 errors, 1 left on base; Atlanta 4 - Miami 0 |
| BOTTOM OF THE 5TH |
|
Miami Marlins batting - Pitching for Atlanta Braves : LHP Nolan Stefanski
|
|
Batting: RHB Steve Barnard
|
0-0: Ball 1-0: Ball 2-0: Ball 3-0: Swinging Strike 3-1: Called Strike 3-2: Ground out 4-3 (Groundball, 4D, EV 87.5 MPH)
|
|
Batting: RHB Roger Salazar
|
0-0: Foul Ball, location: 2F 0-1: Ground out 1-3 (Groundball, 13S, EV 73.8 MPH)
|
|
Batting: RHB Bert Clark
|
0-0: Ball 1-0: Ball 2-0: Ball 3-0: Called Strike 3-1: Base on Balls
|
|
Batting: LHB Andre Gorter
|
0-0: Ball 1-0: Fly out, F9 (Flyball, 9, EV 89.4 MPH)
|
| Bottom of the 5th over - 0 runs, 0 hits, 0 errors, 1 left on base; Atlanta 4 - Miami 0 |
| TOP OF THE 6TH |
|
Atlanta Braves batting - Pitching for Miami Marlins : RHP Tim Barnett
|
|
Batting: RHB Manny Vergara
|
0-0: Foul Ball, location: 2F 0-1: Ball 1-1: Ground out 6-3 (Groundball, 6, EV 86.2 MPH)
|
|
Batting: LHB Evan Torraville
|
0-0: Foul Ball, location: 2F 0-1: Ball 1-1: Fly out, F9 (Flyball, 9D, EV 96.9 MPH)
|
|
Batting: RHB Liangde Li
|
0-0: Ball 1-0: Swinging Strike 1-1: Foul Ball, location: 2F 1-2: Ball 2-2: Reached on error, E6 (Groundball, 6, EV 85.6 MPH)
|
|
Pitching: RHP Chris Funderburg
|
|
|
Batting: RHB Zheng-ze King
|
0-0: Ball 1-0: Called Strike 1-1: Ball Liangde Li steals 3rd base 2-1: Fly out, F8 (Flyball, 78M, EV 93.8 MPH)
|
| Top of the 6th over - 0 runs, 0 hits, 1 error, 1 left on base; Atlanta 4 - Miami 0 |
| BOTTOM OF THE 6TH |
|
Miami Marlins batting - Pitching for Atlanta Braves : LHP Nolan Stefanski
|
|
Batting: LHB Adam Durgin
|
0-0: Foul Ball, location: 2F 0-1: Ball 1-1: Called Strike 1-2: Strikes out swinging
|
|
Batting: RHB Jimmy Groseclose
|
0-0: Ball 1-0: Called Strike 1-1: Called Strike 1-2: Foul Ball, location: 2F 1-2: Foul Ball, location: 2F 1-2: Strikes out swinging
|
|
Batting: RHB Matt Thompson
|
0-0: Ball 1-0: Called Strike 1-1: Called Strike 1-2: Ball 2-2: Foul Ball, location: 2F 2-2: Strikes out looking
|
| Bottom of the 6th over - 0 runs, 0 hits, 0 errors, 0 left on base; Atlanta 4 - Miami 0 |
| TOP OF THE 7TH |
|
Atlanta Braves batting - Pitching for Miami Marlins : RHP Chris Funderburg
|
|
Batting: RHB Yasuhide Kasahara
|
0-0: Ball 1-0: Swinging Strike 1-1: Called Strike 1-2: Ball 2-2: Strikes out looking
|
|
Batting: SHB Floyd-William Goof
|
0-0: Ball 1-0: SINGLE (Groundball, 6S, EV 69.4 MPH) (infield hit)
|
|
Batting: RHB Kevin Howard
|
0-0: Ball 1-0: Ball Floyd-William Goof steals 2nd base 2-0: SINGLE (Flyball, 89S, EV 85.6 MPH) Floyd-William Goof to third Runner from 3rd tries for Home, SAFE, throw by CF to home
|
|
Batting: RHB Erik Coleman
|
0-0: Ball 1-0: Fly out, F8 (Flyball, 78M, EV 90.0 MPH)
|
|
Batting: RHB Ike Trout
|
0-0: Ball 1-0: Ball 2-0: Ball 3-0: Called Strike 3-1: Foul Ball, location: 2F 3-2: Foul Ball, location: 2F 3-2: Fly out, F4 (Popup, 4MD, EV 41.9 MPH)
|
| Top of the 7th over - 1 run, 2 hits, 0 errors, 1 left on base; Atlanta 5 - Miami 0 |
| BOTTOM OF THE 7TH |
|
Miami Marlins batting - Pitching for Atlanta Braves : LHP Nolan Stefanski
|
|
Batting: RHB Mike Gar
|
0-0: SINGLE (Flyball, 34D, EV 90.0 MPH)
|
|
Batting: RHB Tony Stedman
|
0-0: Foul Ball, location: 2F 0-1: Ball 1-1: Ball 2-1: Foul Ball, location: 2F 2-2: Strikes out swinging
|
|
Batting: RHB Steve Barnard
|
0-0: Ball 1-0: Called Strike 1-1: Foul Ball, location: 2F 1-2: Ball 2-2: Foul Ball, location: 2F 2-2: Foul Ball, location: 2F 2-2: Foul Ball, location: 2F 2-2: Ball 3-2: Base on Balls Mike Gar to second
|
|
Pitching: RHP Tim Kull
|
|
|
Batting: RHB Roger Salazar
|
0-0: Ball 1-0: Ball 2-0: Ball 3-0: Base on Balls Mike Gar to third Steve Barnard to second
|
|
Batting: RHB Bert Clark
|
0-0: Foul Ball, location: 2F 0-1: SINGLE (Line Drive, 6MD, EV 103.8 MPH) Mike Gar scores Steve Barnard to third Roger Salazar to second Runner from 3rd tries for Home, SAFE, throw by CF to home
|
|
Batting: LHB Andre Gorter
|
0-0: Ball 1-0: Ball 2-0: Foul Ball, location: 2F 2-1: 3-RUN HOME RUN (Flyball, 9D, EV 98.1 MPH), Distance : 384 ft
|
|
Pitching: LHP Gil Longoria
|
|
|
Batting: RHB Willie Chavez
|
0-0: Ball 1-0: Foul Ball, location: 2F 1-1: Hit by Pitch
|
|
Batting: RHB Jimmy Groseclose
|
0-0: Ball 1-0: Foul Ball, location: 2F 1-1: Called Strike 1-2: Ball 2-2: Foul Ball, location: 2F 2-2: Strikes out swinging
|
|
Batting: RHB Matt Thompson
|
0-0: Ball 1-0: Ball 2-0: Ball 3-0: Base on Balls Willie Chavez to second
|
|
Batting: RHB Mike Gar
|
0-0: Ball 1-0: DOUBLE (Flyball, 78D, EV 110.6 MPH) Willie Chavez scores Matt Thompson to third Runner from 3rd tries for Home, SAFE, throw by CF to home
|
|
Batting: RHB Tony Stedman
|
0-0: Foul Ball, location: 2F 0-1: Ball Wild Pitch! Mike Gar to third 1-1: Ball 2-1: Ball 3-1: Called Strike 3-2: Strikes out swinging
|
| Bottom of the 7th over - 7 runs, 4 hits, 0 errors, 1 left on base; Atlanta 5 - Miami 7 |
| TOP OF THE 8TH |
|
Atlanta Braves batting - Pitching for Miami Marlins : RHP Chris Funderburg
|
|
Batting: RHB Manny Vergara
|
0-0: Called Strike 0-1: Foul Ball, location: 2F 0-2: Ball 1-2: Ground out U3 (Groundball, 34, EV 105.6 MPH)
|
|
Batting: LHB Evan Torraville
|
0-0: Called Strike 0-1: Swinging Strike 0-2: Strikes out swinging
|
|
Batting: RHB Liangde Li
|
0-0: Foul Ball, location: 2F 0-1: Called Strike 0-2: Foul Ball, location: 2F 0-2: Ball 1-2: Ball 2-2: Strikes out swinging
|
| Top of the 8th over - 0 runs, 0 hits, 0 errors, 0 left on base; Atlanta 5 - Miami 7 |
| BOTTOM OF THE 8TH |
|
Miami Marlins batting - Pitching for Atlanta Braves : LHP Gil Longoria
|
|
Pitching: RHP Nate Bixler
|
|
|
Batting: RHB Steve Barnard
|
0-0: Ground out U3 (Groundball, 34S, EV 86.2 MPH)
|
|
Batting: RHB Roger Salazar
|
0-0: Called Strike 0-1: Ball 1-1: Foul Ball, location: 2F 1-2: Foul Ball, location: 2F 1-2: Strikes out swinging
|
|
Batting: RHB Bert Clark
|
0-0: Called Strike 0-1: Ball 1-1: Ball 2-1: Ball 3-1: Fly out, F3 (Line Drive, 3, EV 68.1 MPH)
|
| Bottom of the 8th over - 0 runs, 0 hits, 0 errors, 0 left on base; Atlanta 5 - Miami 7 |
| TOP OF THE 9TH |
|
Atlanta Braves batting - Pitching for Miami Marlins : RHP Chris Funderburg
|
|
Pitching: RHP Oscar Banda
|
|
|
Batting: RHB Zheng-ze King
|
0-0: Swinging Strike 0-1: Ground out 6-3 (Groundball, 6, EV 82.5 MPH)
|
|
Batting: RHB Yasuhide Kasahara
|
0-0: Ball 1-0: Ball 2-0: Ball 3-0: Called Strike 3-1: Foul Ball, location: 2F 3-2: Strikes out swinging
|
|
Batting: SHB Floyd-William Goof
|
0-0: Ball 1-0: Foul Ball, location: 2F 1-1: Swinging Strike 1-2: Foul Ball, location: 2F 1-2: Ball 2-2: Strikes out swinging
|
| Top of the 9th over - 0 runs, 0 hits, 0 errors, 0 left on base; Atlanta 5 - Miami 7 |
|